Map: 奧德賽 - 天梯版

Players

飛蛙

  • Race: Zerg Zerg
  • League: Diamond
  • Spawn Location: 11:00

天地乖離 - Winner!

  • Race: Terran Terran
  • League: Master
  • Spawn Location: 5:00

VOD

Have the link to the VOD?

Description

Time

  • Played on: Aug. 12, 2017, 1:10 p.m.
  • Length: 12:02
Show
View Real Time Build Order
Export as new Build Order

飛蛙 Zerg 

Build Orders: Pool First 

Get SALT Encoding   

  12  0:00  Drone  
  13  0:12  Overlord  
  13  0:16  Drone  
  14  0:30  Drone x2  
  14  0:34  Drone  
  17  0:44  Extractor  
  17  0:45  Drone  
  17  0:50  Spawning Pool  
  17  0:55  Drone  
  17  1:07  Drone  
  18  1:19  Hatchery  
  18  1:23  Drone  
  18  1:37  Queen  
  18  1:38  Zergling x2  
  21  1:44  Metabolic Boost  
  21  1:52  Overlord  
  21  2:04  Drone  
  22  2:12  Queen  
  24  2:21  Drone x3  
  27  2:35  Queen  
  29  2:45  Drone  
  29  2:46  Drone x3  
  29  2:48  Pneumatized Carapace  
  33  2:54  Drone x3  
  35  3:22  Drone  
  36  3:27  Overlord x2  
  36  3:29  Hatchery  
  35  3:36  Drone  
  35  3:48  Drone x8  
  43  3:54  Extractor  
  42  3:56  Evolution Chamber, Drone  
  42  3:57  Drone  
  42  3:58  Evolution Chamber  
  42  4:01  Queen  
  44  4:04  Queen  
  44  4:05  Drone  
  44  4:08  Drone  
  48  4:20  Drone x4  
  48  4:23  Overlord x2  
  52  4:31  Zerg Ground Armor Level 1  
  52  4:32  Extractor  
  52  4:37  Zergling x2  
  52  4:41  Zergling x2  
  52  4:42  Zergling x10  
  52  4:44  Queen  
  60  4:55  Zerg Melee Weapons Level 1  
  60  4:57  Lair  
  60  4:58  Zergling x6  
  63  5:02  Queen  
  63  5:06  Drone x2  
  68  5:07  Zergling x2  
  68  5:18  Zergling x10  
  73  5:28  Zergling x2  
  74  5:42  Overlord  
  74  5:43  Overlord x2  
  74  5:52  Hatchery  
  74  5:55  Overlord  
  73  6:01  Hydralisk Den  
  72  6:16  Zergling x2  
  72  6:17  Zergling x14  
  70  6:26  Spore Crawler  
  64  6:33  Overseer  
  64  6:39  Drone x2  
  71  6:40  Drone x7  
  71  6:42  Hydralisk, Muscular Augments  
  75  6:48  Baneling Nest  
  70  7:01  Zergling x2  
  70  7:02  Zergling x8  
  70  7:04  Hydralisk  
  70  7:05  Hydralisk x4  
  70  7:07  Zerg Melee Weapons Level 2  
  83  7:13  Drone x4  
  87  7:30  Drone x5  
  87  7:32  Extractor  
  87  7:34  Extractor  
  90  7:39  Hatchery  
  89  7:45  Hydralisk x4  
  89  7:50  Drone x3  
  100  7:58  Centrifical Hooks  
  100  8:00  Drone x2  
  100  8:01  Drone x2  
  104  8:07  Overlord x2  
  104  8:16  Overseer  
  104  8:18  Baneling x6  
  104  8:19  Baneling x7  
  104  8:29  Drone x7  
  111  8:45  Zergling x2  
  111  8:47  Overlord x3  
  111  8:48  Overlord  
  111  9:02  Baneling  
  111  9:03  Baneling x9  
  110  9:14  Hatchery  
  110  9:15  Zergling x12  
  110  9:16  Zergling x22  
  105  9:27  Queen  
  105  9:28  Extractor  
  105  9:30  Hydralisk x4  
  108  9:52  Drone  
  109  9:54  Drone  
  109  9:55  Drone x14  
  109  9:57  Queen  
  125  10:09  Baneling x7  
  125  10:10  Baneling x19  
  125  10:27  Drone  
  125  10:28  Extractor, Drone x3  
  127  10:30  Zergling x22  
  127  10:31  Zergling x2  
  131  11:06  Hydralisk x2  
  123  11:31  Hydralisk x5  
  123  11:32  Hydralisk x2  
  112  11:40  Overseer  
  112  11:41  Overseer  
  112  11:43  Zergling x38  
Show
View Real Time Build Order
Export as new Build Order

天地乖離 Terran - Winner!

Build Orders: MMM Bio 

Get SALT Encoding   

  12  0:01  SCV  
  13  0:13  SCV  
  14  0:17  Supply Depot  
  14  0:25  SCV  
  15  0:39  SCV  
  15  0:40  Barracks  
  16  0:48  Refinery  
  16  0:51  SCV  
  17  1:03  SCV  
  18  1:16  SCV  
  19  1:29  Orbital Command  
  20  1:32  Reaper  
  20  1:39  Command Center  
  20  1:50  Barracks  
  20  1:54  SCV  
  21  2:03  Supply Depot  
  21  2:06  SCV  
  21  2:07  Barracks Reactor  
  22  2:14  Refinery  
  22  2:19  SCV  
  23  2:31  Factory  
  23  2:35  SCV  
  24  2:40  Barracks Tech Lab  
  24  2:44  Marine x2  
  24  2:47  SCV  
  27  2:51  Orbital Command  
  27  2:59  SCV  
  27  3:02  Marine x2  
  30  3:11  SCV  
  31  3:15  Stimpack  
  31  3:16  Marine  
  31  3:17  SCV, Starport  
  32  3:27  Bunker  
  32  3:29  SCV  
  32  3:30  SCV  
  32  3:31  Factory Reactor, Marine  
  32  3:34  Marine  
  36  3:41  SCV  
  36  3:43  SCV  
  36  3:48  Marine  
  39  3:49  Marine  
  39  3:53  SCV  
  39  3:55  SCV  
  42  3:59  Supply Depot  
  42  4:02  Supply Depot  
  42  4:05  SCV, Supply Depot  
  42  4:07  SCV  
  44  4:12  Marine x2  
  44  4:16  Factory Reactor  
  46  4:21  SCV x2, Medivac x2, Marine  
  53  4:27  Supply Depot  
  53  4:29  Supply Depot  
  53  4:30  Marine  
  54  4:32  Marine  
  54  4:33  SCV  
  54  4:35  SCV  
  57  4:38  Marine  
  57  4:44  Refinery  
  57  4:45  SCV  
  59  4:46  Refinery  
  59  4:47  SCV  
  59  4:48  Marine  
  59  4:51  Medivac x2  
  65  4:57  SCV, Marine  
  65  4:58  Widow Mine x2, Marine  
  72  5:01  SCV  
  73  5:09  SCV  
  73  5:12  Marine  
  73  5:13  SCV, Supply Depot x2  
  76  5:15  Marine x2  
  78  5:22  Engineering Bay  
  78  5:23  Engineering Bay  
  78  5:30  Marine  
  78  5:33  Marine x2  
  81  5:48  Marine  
  82  5:52  Marine  
  82  5:55  Terran Infantry Armor Level 1, Terran Infantry Weapons Level 1, Marine  
  84  5:57  Viking  
  84  5:58  Command Center  
  84  6:00  Combat Shields  
  84  6:01  SCV  
  87  6:12  Marine x2  
  86  6:29  Marine  
  86  6:30  Marine  
  87  6:34  Widow Mine, Marine  
  87  6:35  Barracks x2  
  87  6:36  SCV x2, Barracks  
  77  6:40  Command Center  
  77  6:47  Marine  
  77  6:48  Marine  
  77  6:51  Marine  
  76  7:05  Marine  
  76  7:06  Widow Mine x2, Marine  
  76  7:07  Medivac x2  
  86  7:18  Marine  
  86  7:22  SCV x2  
  89  7:23  Marine x2  
  89  7:25  Supply Depot  
  89  7:26  Supply Depot x2  
  89  7:27  Armory  
  89  7:28  Barracks Reactor x2  
  89  7:29  Barracks Reactor  
  91  7:34  SCV x2  
  91  7:35  Widow Mine, Marine  
  96  7:40  Marine  
  97  7:45  Marine  
  98  7:53  Marine  
  99  7:58  Marine  
  99  8:03  Marine  
  101  8:08  Marine x2  
  101  8:09  Marine x4  
  101  8:11  Marine  
  108  8:16  Marine  
  108  8:17  Widow Mine  
  108  8:18  Terran Infantry Weapons Level 2  
  111  8:20  Orbital Command, Marine  
  111  8:26  Marine x4  
  115  8:29  Marine  
  115  8:31  Terran Infantry Armor Level 2  
  115  8:32  Marine  
  115  8:33  Marine  
  115  8:34  Marine  
  119  8:38  Marine  
  121  8:44  Marine x2  
  121  8:47  Marine x3  
  126  8:49  Marine  
  126  8:52  Marauder  
  126  8:53  Marine  
  130  9:14  Marauder  
  116  9:18  Marine  
  116  9:20  Marine  
  116  9:21  Marine  
  113  9:27  Marine x2  
  113  9:29  Marine x2  
  113  9:30  Marine  
  103  9:31  Widow Mine x2  
  103  9:32  Medivac x2  
  103  9:34  Marine  
  103  9:36  SCV x3, Marine  
  116  9:38  Marine x2  
  116  9:42  Supply Depot x2  
  116  9:44  Supply Depot x2  
  116  9:45  Marine x2  
  117  9:48  SCV x3  
  117  9:49  Barracks, Marine  
  117  9:51  Barracks  
  117  9:52  Marine  
  124  10:00  SCV x2, Widow Mine x2  
  128  10:09  Marine x3  
  128  10:10  Marauder, Marine x4  
  137  10:19  Marine  
  138  10:22  SCV  
  138  10:23  SCV x2  
  138  10:27  Marine x3  
  144  10:32  Marauder  
  144  10:34  Marine  
  144  10:35  Widow Mine x2  
  151  10:40  Factory  
  151  10:44  Barracks Reactor, Barracks Tech Lab  
  151  10:53  Marauder  
  150  11:14  Marauder, Marine x3  
  150  11:15  Marauder  
  150  11:16  Marine  
  150  11:18  Widow Mine  
  150  11:36  Marauder x2  
  150  11:37  Marine  
  150  11:39  SCV  
  146  11:40  Marine x3  
  149  11:50  Factory Tech Lab  
Tags
 
Composition
MMM Bio
Matchup
TvZ
Opening
Pool First
Spawn Locations
Cross Positions
Add a new tag
Caveats
  • Supply blocks, unpowered buildings, or Contaminate may cause inaccurate times.
  • Supply counts are checked every 10 seconds.